 Dungeon Crawl Stone Soup version 0.23.2 (webtiles) character file.

Game seed: 11557068379313627781

146 Kairos the Skirmisher (level 5, 42/42 HPs)
             Began as a Formicid Abyssal Knight on Apr 9, 2019.
             Was a Believer of Lugonu.
             Quit the game on level 3 of the Dungeon.
             The game lasted 00:04:06 (2448 turns).

Kairos the Skirmisher (Formicid Abyssal Knight)     Turns: 2448, Time: 00:04:06

Health: 42/42      AC: 11    Str: 18    XL:     5   Next: 53%
Magic:  7/7        EV:  7    Int: 11    God:    Lugonu [**....]
Gold:   181        SH:  0    Dex: 10    Spells: 4/4 levels left

rFire    . . .     SeeInvis +   a - +1 spear
rCold    . . .     Gourm    .   (no shield)
rNeg     . . .     Faith    .   f - +2 chain mail
rPois    .         Spirit   .   (helmet unavailable)
rElec    .         Reflect  .   (no cloak)
rCorr    .         Harm     .   (no gloves)
MR       .....                  (no boots)
Stlth    ..........             (no amulet)
HPRegen  0.14/turn              (no ring)
MPRegen  0.10/turn              (no ring)

@: no status effects
A: permanent stasis, dig shafts and tunnels, four strong arms, antennae 3
a: Dig, Shaft Self, Depart the Abyss, Bend Space, Renounce Religion


You were on level 3 of the Dungeon.
You worshipped Lugonu.
Lugonu was pleased with you.
You were very hungry.

You visited 1 branch of the dungeon, and saw 3 of its levels.
You visited the Abyss 1 time.

You collected 181 gold pieces.

Inventory:

Hand Weapons
 a - a +1 spear (weapon)
Armour
 b - a +0 leather armour
 f - a +2 chain mail (worn)
Scrolls
 e - 2 scrolls of remove curse
 h - 3 scrolls of teleportation
 k - a scroll of noise
Potions
 d - a potion of heal wounds
 i - a potion of invisibility
 j - a potion of degeneration
Comestibles
 c - 6 rations


   Skills:
 + Level 4.3 Fighting
 + Level 3.3 Polearms
 + Level 3.7 Armour
 + Level 1.0 Dodging
 + Level 2.7 Invocations


You had 4 spell levels left.
You didn't know any spells.
Your spell library was empty.

Dungeon Overview and Level Annotations

Branches:
Dungeon (3/15)

Altars:
Fedhas
Ru
Wu Jian


Innate Abilities, Weirdness & Mutations

You cannot be hasted, slowed, berserked, paralysed or teleported.
You can dig through walls and to a lower floor.
Your four strong arms can wield two-handed weapons with a shield.
You have a pair of large antennae on your head. (SInv)


Message History

There is a stone staircase leading down here.
Done exploring.
Done exploring.
No target in view!
No target in view!
No target in view!
No target in view!
No target in view!
No target in view!
No target in view!
No target in view!
No target in view!
No target in view!
No target in view!
No target in view!
No target in view!
It was a potion of haste.
Your stasis prevents you from being hasted.
Okay, then.
Are you sure you want to abandon this character and quit the game? (Confirm with "yes".)

#.# #.# #.# #.# #.# #.# #
#.# #.# # #.# #.# ######
#.# #.######### #....# #.#
#.†.......#
#....###.###############.##
'.......>.......@.....)÷.#
#.........#################
#......................<..#
#....###.#.####.#####.#####
########.#.# #.## #..#
#######..#.####..#####.#
.....|.................#
#..#................#..#
##..##............##...#


There were no monsters in sight!

Vanquished Creatures
  Jessica (D:2)
  5 adders
  An ooze (D:1)
  2 worms
  A dart slug (D:2)
  2 leopard geckos (D:3)
  9 bats
  5 giant cockroaches
  3 goblins
  8 hobgoblins
  6 jackals (D:2)
  A ball python (D:2)
  5 frilled lizards
  4 kobolds
  9 rats
62 creatures vanquished.

Vanquished Creatures (others)
  4 starspawn tentacles (Abyss:4)
4 creatures vanquished.

Grand Total: 66 creatures vanquished

Notes
Turn   | Place    | Note
-------+----------+-------------------------------------------
     0 | Abyss:1  | Kairos the Formicid Abyssal Knight began the quest for the
                  | Orb.
     0 | Abyss:1  | Reached XP level 1. HP: 18/18 MP: 2/2
    58 | Abyss:1  | Found a corrupted altar of Lugonu.
    97 | Abyss:2  | Noticed a small abomination
   170 | Abyss:4  | Noticed a tentacled starspawn
   183 | Abyss:4  | Noticed an iron imp
   209 | Abyss:4  | Noticed a ynoxinul
   209 | Abyss:4  | Noticed a vampire mage
   215 | Abyss:4  | Noticed a rakshasa
   220 | Abyss:4  | Noticed a ynoxinul
   220 | Abyss:4  | Noticed a starcursed mass
   222 | D:1      | Escaped the Abyss
   347 | D:1      | Reached * piety under Lugonu
   369 | D:1      | Reached XP level 2. HP: 24/24 MP: 3/3
   633 | D:1      | Reached XP level 3. HP: 30/30 MP: 4/4
   952 | D:2      | Noticed Jessica
   960 | D:2      | Killed Jessica
   960 | D:2      | Reached skill level 4 in Fighting
   960 | D:2      | Reached XP level 4. HP: 37/37 MP: 5/5
  1299 | D:2      | Reached ** piety under Lugonu
  1513 | D:2      | Reached XP level 5. HP: 42/42 MP: 7/7
  1525 | D:2      | Reached skill level 1 in Dodging
  1799 | D:3      | Found a blossoming altar of Fedhas.
  2287 | D:3      | Found an ornate altar of the Wu Jian Council.
  2287 | D:3      | Found a sacrificial altar of Ru.
  2448 | D:3      | Quit the game

Skill      XL: |  1  2  3  4  5 |
---------------+----------------+-----
Fighting       | 4 |  4.3
Armour         | 3 |  3.7
Dodging        | 1 |  1.0
Polearms       | 3 |  3.3
Invocations    | |  2.7

Action                   |  1- 3 |  4- 6 || total
-------------------------+-------+-------++-------
Melee: Spear             |    81 |   170 ||   251
Invok: Depart the Abyss  |     1 |       ||     1
 Abil: Dig               |     3 |       ||     3
  Use: Scroll            |     5 |     5 ||    10
       Potion            |     2 |     1 ||     3
  Eat: Chunk             |       |     4 ||     4
Armor: Chain mail        |    48 |    66 ||   114
Dodge: Dodged            |    28 |    50 ||    78
